Map: Breakwater LE

Players

Ekelpack

  • Race: Zerg Zerg
  • Spawn Location: 1:00

Nyck

  • Race: Terran Terran
  • Spawn Location: 1:00

InanisLector - Winner!

  • Race: Zerg Zerg
  • League: Diamond
  • Spawn Location: 7:00

artemblack - Winner!

  • Race: Zerg Zerg
  • Spawn Location: 7:00

VOD

Have the link to the VOD?

Description

Time

  • Played on: April 15, 2025, 3:34 p.m.
  • Length: 14:53
Show
View Real Time Build Order
Export as new Build Order

Ekelpack Zerg 

Build Orders: Hatch First 

Get SALT Encoding   

  12  0:00  Drone  
  13  0:12  Overlord  
  13  0:18  Drone  
  14  0:30  Drone x2  
  14  0:34  Drone  
  17  0:46  Drone  
  18  0:55  Hatchery  
  17  0:57  Extractor  
  17  0:59  Drone  
  17  1:13  Spawning Pool  
  17  1:15  Drone  
  17  1:18  Drone  
  18  1:27  Drone  
  19  1:38  Drone  
  20  1:59  Queen  
  20  2:00  Metabolic Boost  
  22  2:07  Queen  
  24  2:09  Drone  
  24  2:11  Drone  
  24  2:14  Overlord  
  26  2:19  Drone x2  
  28  2:32  Drone x2  
  28  2:36  Lair  
  30  2:45  Spine Crawler  
  30  2:47  Spine Crawler  
  28  3:01  Spine Crawler  
  28  3:03  Zergling x6  
  28  3:05  Overlord  
  30  3:10  Zergling x6  
  33  3:27  Drone  
  33  3:28  Drone x3  
  37  3:39  Extractor  
  36  3:41  Drone  
  36  3:42  Drone x5  
  42  3:50  Zergling x4  
  44  4:01  Overlord  
  44  4:07  Spire  
  43  4:10  Drone  
  44  4:24  Zergling x8  
  44  4:25  Zergling x8  
  50  4:38  Drone x2, Extractor  
  49  4:39  Extractor  
  49  4:40  Overlord  
  50  4:50  Drone  
  51  4:54  Overlord  
  51  5:01  Drone x2  
  51  5:06  Drone x3  
  56  5:14  Overlord  
  56  5:20  Drone  
  58  5:21  Zergling x2  
  58  5:22  Zergling x6  
  61  5:34  Spore Crawler  
  60  5:35  Spore Crawler  
  60  5:36  Drone x2  
  60  5:40  Spore Crawler  
  60  5:41  Spore Crawler  
  58  5:59  Mutalisk  
  58  6:00  Mutalisk x7  
  71  6:15  Mutalisk  
  71  6:16  Mutalisk  
  73  6:49  Zergling x2  
  73  6:50  Zergling x2, Overlord x4  
  71  7:12  Mutalisk  
  71  7:13  Mutalisk x6  
  71  7:15  Zergling x4  
  87  7:19  Zerg Flyer Weapons Level 1  
  87  7:33  Zergling x2  
  87  7:34  Zergling x2  
  89  8:03  Pneumatized Carapace  
  89  8:06  Zergling x16  
  97  8:13  Evolution Chamber  
  97  8:14  Hatchery, Evolution Chamber  
  74  8:46  Zergling x2  
  74  8:47  Zergling x14  
  82  9:13  Zerg Melee Weapons Level 1  
  82  9:14  Zerg Ground Armor Level 1  
  82  9:17  Overlord x4  
  82  9:24  Infestation Pit  
  74  10:03  Roach Warren  
  72  10:14  Zergling x2  
  72  10:15  Zergling x22  
  84  10:30  Hive  
  84  10:33  Zergling x2  
  84  10:34  Zergling x6  
  88  10:48  Zergling x2  
  88  10:49  Zergling x14  
  94  11:13  Zerg Melee Weapons Level 2  
  94  11:14  Zerg Ground Armor Level 2  
  94  11:20  Mutalisk  
  94  11:21  Mutalisk x10  
  60  11:51  Zergling x2  
  60  11:52  Zergling x18  
  66  12:25  Ultralisk Cavern  
  37  13:11  Chitinous Plating  
  37  13:13  Ultralisk x2  
  37  13:14  Ultralisk x5  
  79  13:30  Drone x2  
  73  14:03  Ultralisk x2  
  61  14:20  Zergling x4  
  61  14:21  Zergling x12  
Show
View Real Time Build Order
Export as new Build Order

Nyck Terran 

Build Orders: Reaper Expand 

Get SALT Encoding   

  12  0:00  SCV  
  13  0:12  SCV  
  14  0:17  Supply Depot  
  14  0:25  SCV  
  15  0:38  SCV  
  15  0:41  Barracks  
  16  0:46  Refinery  
  16  0:50  SCV  
  17  1:05  SCV  
  18  1:17  SCV  
  19  1:28  Reaper  
  19  1:31  Orbital Command  
  20  1:41  Command Center  
  20  1:50  Supply Depot  
  20  1:56  SCV  
  21  2:10  Barracks  
  21  2:14  Barracks  
  21  2:15  Barracks Tech Lab  
  21  2:19  SCV  
  22  2:44  Marine  
  22  2:46  SCV  
  24  2:56  Orbital Command  
  24  2:58  Bunker  
  24  2:59  SCV  
  24  3:01  Marine  
  24  3:02  Marine  
  24  3:03  Marine  
  28  3:11  SCV  
  28  3:12  Bunker  
  29  3:25  SCV x2  
  29  3:26  Marine x2  
  33  3:27  Marine  
  34  3:37  SCV x2  
  34  3:38  Combat Shield  
  36  3:44  Marine x2  
  36  3:45  Marine  
  39  3:49  SCV x2  
  41  4:01  SCV  
  41  4:02  Supply Depot, SCV  
  43  4:05  Refinery  
  43  4:06  Engineering Bay  
  43  4:09  Barracks Reactor  
  43  4:10  Engineering Bay, Barracks Reactor  
  43  4:14  SCV  
  44  4:19  SCV  
  45  4:32  SCV x2  
  45  4:35  Marine  
  48  4:41  Supply Depot  
  48  4:44  SCV  
  49  4:50  Factory  
  49  4:51  Terran Infantry Weapons Level 1  
  49  4:53  Marine  
  49  4:57  Stimpack  
  50  5:08  Marine x4  
  50  5:13  Terran Infantry Armor Level 1  
  54  5:18  Missile Turret  
  54  5:25  Missile Turret  
  54  5:27  Command Center  
  53  5:37  SCV x2  
  53  5:40  Missile Turret  
  55  5:46  Missile Turret  
  55  5:48  Starport, Command Center, Factory Reactor  
  55  5:49  Marine x3  
  57  5:50  Marine x2  
  57  5:56  Armory  
  60  6:03  SCV x2  
  62  6:05  Barracks  
  62  6:07  Refinery  
  62  6:09  Refinery  
  62  6:18  Supply Depot  
  62  6:22  Factory Tech Lab  
  62  6:29  Starport Reactor  
  62  6:39  SCV x2, Marine x4  
  70  6:40  Marauder  
  70  6:49  Supply Depot  
  70  6:50  Siege Tank  
  70  6:51  SCV x2  
  70  6:53  Terran Infantry Weapons Level 2  
  75  7:02  Orbital Command  
  75  7:08  Missile Turret, Medivac x2  
  77  7:10  Supply Depot  
  79  7:18  SCV x2  
  79  7:20  Marine  
  79  7:21  Marine x4  
  86  7:23  Siege Tank  
  89  7:30  SCV x2  
  89  7:33  Supply Depot  
  89  7:36  Barracks  
  91  7:40  Orbital Command  
  91  7:42  Command Center  
  91  7:45  Marine x2  
  93  7:53  SCV x2, Marine  
  93  7:55  Supply Depot  
  93  7:56  Marine  
  97  8:09  Orbital Command  
  96  8:18  Supply Depot  
  86  8:38  Marine x3  
  86  8:39  Marine x2  
  86  8:41  Siege Tank  
  94  8:43  Viking x2  
  98  8:54  SCV x2  
  100  8:56  SCV, Marine  
  102  9:21  SCV  
  102  9:22  SCV x2  
  105  9:24  Marine x4  
  105  9:25  Marine, Refinery  
  105  9:27  Barracks Reactor  
  110  9:35  SCV x3  
  113  9:43  Terran Infantry Armor Level 2, Terran Infantry Weapons Level 3  
  113  9:45  Terran Vehicle And Ship Armor Level 1  
  106  9:47  SCV  
  101  9:57  Medivac  
  101  9:58  Medivac  
  101  9:59  Marine x5  
  110  10:02  Siege Tank  
  110  10:03  SCV x3  
  116  10:18  SCV x3, Marine x3  
  116  10:19  Marine x2  
  124  10:27  Medivac  
  124  10:28  Medivac  
  128  10:33  SCV  
  128  10:34  Siege Tank  
  132  10:37  Sensor Tower  
  132  10:38  SCV x2  
  132  10:39  Marine x4  
  132  10:40  Marine  
  139  10:53  Barracks Reactor  
  139  10:57  Barracks Tech Lab, Medivac  
  139  10:58  Marauder  
  139  11:00  Barracks  
  143  11:05  Barracks  
  143  11:20  Ghost Academy  
  143  11:24  Supply Depot  
  143  11:32  SCV x2  
  133  11:33  SCV, Marine x2  
  133  11:34  Marauder  
  133  11:35  Siege Tank  
  115  12:18  Ghost x2  
  115  12:19  Marine x3  
  115  12:20  Marine  
  125  12:34  Barracks Tech Lab  
  125  12:35  Barracks Tech Lab  
  125  12:38  Barracks  
  125  12:40  Siege Tank  
  117  12:44  Barracks  
  114  13:05  SCV x2  
  115  13:06  Ghost x3  
  125  13:13  Supply Depot, Ghost  
  98  14:00  Marine  
  98  14:01  Marine, Ghost x3  
  78  14:03  Marine  
  79  14:11  Marine  
  79  14:12  Marine  
Show
View Real Time Build Order
Export as new Build Order

InanisLector Zerg - Winner!

Build Orders: Hatch First 

Get SALT Encoding   

  12  0:00  Drone  
  13  0:12  Overlord  
  13  0:19  Drone  
  14  0:31  Drone x2  
  16  0:46  Hatchery  
  15  0:50  Drone  
  15  0:53  Drone  
  17  0:57  Drone  
  18  1:08  Extractor  
  17  1:13  Spawning Pool  
  17  1:15  Drone  
  17  1:18  Drone  
  18  1:27  Drone  
  19  1:45  Drone  
  20  2:00  Queen x2, Zergling x4  
  26  2:06  Drone  
  27  2:16  Hatchery  
  27  2:20  Metabolic Boost  
  26  2:25  Overlord  
  26  2:29  Drone  
  27  2:33  Drone  
  28  2:44  Drone x4  
  32  2:51  Queen  
  32  2:53  Drone  
  32  2:55  Drone  
  36  3:00  Overlord  
  36  3:10  Overlord  
  36  3:18  Drone x3  
  36  3:19  Overlord  
  39  3:22  Drone  
  39  3:27  Drone x2  
  42  3:32  Drone  
  43  3:36  Extractor x2  
  43  3:37  Drone x2  
  43  3:38  Roach Warren  
  42  3:43  Drone x4  
  47  3:48  Drone  
  47  3:51  Drone x5  
  52  4:00  Drone x2  
  54  4:04  Drone  
  55  4:12  Lair  
  55  4:17  Evolution Chamber  
  55  4:19  Evolution Chamber  
  55  4:21  Roach x4  
  61  4:25  Roach x2  
  65  4:37  Drone  
  66  4:47  Zerg Ground Armor Level 1  
  66  4:51  Overlord x8  
  66  4:52  Extractor  
  65  4:59  Zerg Missile Weapons Level 1  
  65  5:03  Drone  
  66  5:09  Hatchery  
  66  5:11  Extractor  
  66  5:12  Drone x5  
  69  5:16  Infestation Pit  
  69  5:19  Glial Reconstitution  
  68  5:24  Drone x4  
  68  5:27  Drone x2  
  74  5:31  Drone x3  
  77  5:39  Drone x4  
  77  5:40  Overseer  
  81  5:48  Drone x6  
  86  5:56  Queen  
  87  6:10  Extractor  
  85  6:12  Drone  
  85  6:13  Drone x4  
  85  6:14  Infestor x3, Roach  
  98  6:18  Roach  
  98  6:19  Roach  
  102  6:28  Infestor  
  102  6:30  Roach x3  
  102  6:31  Hatchery  
  109  6:34  Drone x6  
  109  6:35  Drone x2  
  117  6:40  Queen  
  117  6:43  Roach x3  
  125  6:56  Infestor  
  127  7:03  Spore Crawler  
  127  7:07  Spore Crawler  
  127  7:08  Spore Crawler  
  124  7:10  Hydralisk Den  
  124  7:11  Spore Crawler  
  124  7:13  Spore Crawler  
  121  7:15  Spore Crawler  
  121  7:16  Spore Crawler  
  121  7:17  Spore Crawler x2, Drone x9  
  121  7:18  Zerg Missile Weapons Level 2, Drone x2  
  121  7:19  Spore Crawler  
  127  7:28  Drone, Zerg Ground Armor Level 2  
  128  7:30  Overlord x3  
  125  7:53  Hydralisk x11  
  125  7:58  Queen  
  149  8:02  Muscular Augments  
  149  8:06  Drone x3  
  149  8:08  Extractor  
  149  8:09  Roach  
  149  8:10  Roach x2  
  157  8:12  Spore Crawler  
  157  8:13  Spore Crawler  
  157  8:16  Spore Crawler  
  154  8:22  Overlord x4  
  154  8:26  Queen  
  156  8:28  Overlord x2  
  156  8:33  Hydralisk  
  158  8:46  Hydralisk x9  
  176  8:52  Hive  
  174  8:57  Hydralisk x4  
  182  9:07  Hydralisk x5  
  186  9:14  Hydralisk x3  
  192  9:19  Drone x7  
  199  9:24  Zergling x2  
  186  9:48  Hydralisk x10  
  196  9:58  Hydralisk x2  
  200  10:20  Zerg Missile Weapons Level 3  
  200  10:22  Zerg Ground Armor Level 3  
  200  10:26  Extractor  
  199  10:29  Extractor x2  
  199  10:32  Lurker Den  
  196  10:45  Drone x4  
  194  11:10  Hatchery  
  193  11:16  Hydralisk x3  
  199  11:20  Hatchery  
  199  11:22  Unknown  
  199  11:24  Hatchery  
  196  11:29  Hydralisk x2  
  182  11:46  Zergling x20  
  182  11:47  Zergling x22  
  175  11:51  Seismic Spines  
  175  11:52  Grooved Spines  
  159  12:03  Infestor x8  
  159  12:04  Zergling x18  
  159  12:08  Neural Parasite  
  184  12:26  Infestor x2, Zergling x6  
  184  12:27  Zergling x10  
  193  12:31  Infestor  
  191  13:00  Zergling x18  
  187  13:22  Drone x6  
  187  13:24  Zergling x12  
  136  13:49  Hydralisk x14  
  136  13:50  Hydralisk  
  136  13:51  Zergling x14  
  136  13:52  Zergling x18  
  167  14:07  Hydralisk x12  
  191  14:17  Extractor  
  191  14:19  Roach x5  
  191  14:20  Extractor  
Show
View Real Time Build Order
Export as new Build Order

artemblack Zerg - Winner!

Build Orders: Hatch First 

Get SALT Encoding   

  12  0:01  Drone  
  13  0:12  Overlord  
  13  0:18  Drone  
  14  0:31  Drone x2  
  16  0:50  Hatchery  
  16  0:51  Drone  
  16  0:55  Drone  
  17  1:01  Drone  
  18  1:04  Extractor  
  17  1:14  Spawning Pool  
  17  1:18  Drone  
  17  1:21  Drone  
  18  1:29  Drone  
  19  1:39  Drone  
  20  1:50  Drone  
  21  2:03  Queen x2  
  21  2:05  Zergling x4  
  28  2:15  Drone  
  28  2:16  Overlord  
  28  2:30  Hatchery  
  26  2:47  Drone x6  
  34  2:59  Overlord  
  34  3:01  Drone  
  33  3:14  Drone x2  
  33  3:16  Overlord  
  35  3:21  Lair  
  35  3:22  Extractor  
  35  3:25  Baneling Nest  
  35  3:27  Overlord x2  
  33  3:34  Drone x3  
  36  3:41  Drone x2  
  36  3:44  Drone  
  36  3:45  Drone x2  
  41  3:49  Drone x2  
  43  3:56  Burrow  
  43  4:02  Zergling x10  
  48  4:06  Zergling x4  
  46  4:29  Zergling x8  
  46  4:30  Zergling x8  
  50  4:34  Drone x3  
  50  4:38  Baneling x4  
  53  4:39  Baneling x3  
  53  4:58  Drone x3  
  56  5:01  Drone x6  
  56  5:06  Hydralisk Den  
  61  5:08  Extractor  
  61  5:09  Extractor  
  61  5:10  Drone x2  
  61  5:24  Drone x3  
  61  5:25  Drone x2  
  66  5:28  Overlord  
  65  5:46  Queen  
  67  5:54  Hydralisk x3  
  73  5:57  Overlord x3  
  73  5:58  Overlord  
  73  6:02  Centrifugal Hooks, Grooved Spines  
  73  6:08  Evolution Chamber  
  72  6:12  Evolution Chamber  
  71  6:19  Hydralisk x2  
  71  6:20  Hydralisk x6  
  87  6:34  Metabolic Boost  
  86  6:40  Drone x2, Infestation Pit  
  86  6:44  Zerg Missile Weapons Level 1  
  87  6:49  Drone x3  
  87  6:53  Drone x4  
  94  7:05  Hatchery  
  93  7:09  Spore Crawler x2  
  93  7:10  Spore Crawler  
  93  7:11  Spore Crawler x2  
  93  7:14  Spore Crawler  
  93  7:15  Drone x4  
  88  7:16  Drone x2  
  93  7:28  Hydralisk x4  
  101  7:32  Muscular Augments  
  101  7:39  Extractor  
  101  7:42  Extractor  
  101  7:44  Drone x3  
  102  7:45  Drone x3  
  99  8:24  Hydralisk x3  
  99  8:25  Hydralisk x6  
  90  8:34  Zergling x4  
  90  8:35  Zergling x6  
  90  8:40  Zerg Ground Armor Level 1  
  90  8:41  Zerg Missile Weapons Level 2  
  91  8:42  Hydralisk x3  
  97  8:52  Zergling x6  
  93  9:13  Zergling x18  
  93  9:16  Hydralisk  
  101  9:26  Drone x6  
  107  9:33  Drone  
  108  9:49  Extractor  
  108  9:50  Baneling  
  108  9:51  Baneling x7, Extractor  
  106  9:58  Zergling x10  
  111  10:00  Overlord  
  111  10:01  Overlord x5  
  111  10:15  Overlord x2  
  111  10:16  Overlord x3  
  111  10:29  Hatchery  
  111  10:31  Hatchery  
  108  10:35  Hydralisk  
  108  10:36  Hydralisk x5  
  108  10:40  Zergling x20  
  130  10:54  Zerg Ground Armor Level 2  
  130  10:55  Hive  
  130  11:11  Baneling x9  
  130  11:12  Hydralisk x10  
  137  11:22  Zergling x10  
  140  11:41  Zerg Melee Weapons Level 1  
  140  11:44  Drone x4  
  144  11:47  Drone x3  
  144  11:48  Drone  
  144  11:49  Drone x2  
  144  11:50  Drone x6  
  152  12:12  Zergling x22  
  151  12:26  Drone x4  
  151  12:29  Zergling x18  
  164  12:48  Hatchery  
  164  12:51  Hatchery  
  162  12:55  Zergling x30, Extractor  
  162  12:56  Hatchery  
  162  12:58  Extractor  
  174  12:59  Hatchery  
  173  13:16  Baneling x14  
  173  13:17  Baneling x7  
  173  13:18  Zergling x4  
  173  13:19  Zergling x24  
  187  13:37  Hydralisk  
  187  13:38  Hydralisk x5  
  144  14:11  Zergling x12  
  144  14:12  Zergling x26  
  144  14:16  Hydralisk x10  
  146  14:26  Zergling x18  
  146  14:30  Unknown  
Tags
 
Add a new tag
Caveats
  • Supply blocks, unpowered buildings, or Contaminate may cause inaccurate times.
  • Supply counts are checked every 10 seconds.